 Dungeon Crawl Stone Soup version 0.28-a0-1594-ga885d4b3d6 (webtiles) character file.

Game seed: 16741509891957936527

93 hashsling the Magician (level 4, -2/24 HPs)
             Began as a Deep Elf Fire Elementalist on Jan 20, 2022.
             Slain by a hobgoblin (3 damage)
             ... led by Robin
             ... on level 3 of the Dungeon.
             The game lasted 00:07:21 (2340 turns).

hashsling the Magician (Deep Elf Fire Elementalist) Turns: 2340, Time: 00:07:21

Health: -2/24      AC:  2    Str:  5    XL:     4   Next: 37%
Magic:  1/12       EV: 13    Int: 22    God:
Gold:   73         SH:  0    Dex: 15    Spells: 6/12 levels left

rFire   + . .      SeeInvis .   m - staff of cold
rCold   + + .      Faith    .   (no shield)
rNeg    . . .      Spirit   .   a - +0 robe
rPois   +          Reflect  .   (no helmet)
rElec   +          Harm     .   (no cloak)
rCorr   +          Rampage  .   (no gloves)
Will    .....                   (no boots)
Stlth   ++........              (no amulet)
HPRegen 0.08/turn               (no ring)
MPRegen 0.13/turn               (no ring)

@: resistant, attractive
A: no striking features
a: no special abilities


You were on level 3 of the Dungeon.
You visited 1 branch of the dungeon, and saw 3 of its levels.

You collected 73 gold pieces.

Inventory:

Hand Weapons
 e - a +0 short sword
Missiles
 f - 11 arrows
Armour
 a - a +0 robe (worn)
 h - the +2 ring mail of the Onion {Drain rPois rN+ Str+6}
   (You found it on level 2 of the Dungeon)

   Str:       It affects your strength (+6).
   rPois:     It protects you from poison.
   rN:        It protects you from negative energy.
   Drain:     It drains your maximum health when unequipped.
Magical Staves
 m - a staff of cold (weapon)
Scrolls
 b - 3 scrolls of teleportation {unknown}
 c - a scroll of fear {unknown}
 d - a scroll of torment {unknown}
 l - a scroll of identify {unknown}
Potions
 i - a potion of ambrosia {unknown}
 j - a potion of curing
 k - a potion of resistance


   Skills:
 + Level 3.1 Dodging
 - Level 2.4 Stealth
 * Level 4.5 Spellcasting
 - Level 2.0 Conjurations
 * Level 4.2 Fire Magic


You had 6 spell levels left.
You knew the following spells:

 Your Spells              Type           Power      Damage    Failure   Level
a - Foxfire               Conj/Fire      72%        2x1d7     3%          1
b - Scorch                Fire           46%        2d7       2%          2
c - Conjure Flame         Conj/Fire      18%        6-21      9%          3

Your spell library contained the following spells:

 Spells                   Type           Power      Damage    Failure   Level
 Inner Flame              Hex/Fire       14%        N/A       13%         3
 Flame Wave               Conj/Fire      18%        2d5       28%         4


Dungeon Overview and Level Annotations

Branches:
Dungeon (3/15)

Altars:


Message History

You closely miss Robin.
Robin is lightly wounded.
Robin is no longer more vulnerable to fire.
You conjure some foxfire!
Robin hits you with a +0 short sword.
The foxfire hits Robin.
Robin is moderately wounded.
The foxfire hits Robin!
Robin is severely wounded.
Robin throws the goblin at you! The goblin hits you with a +0 club.
Robin throws the goblin at you! The goblin hits you with a +0 club.
The goblin hits you but does no damage.
Okay, then.
It was a potion of attraction.
You feel attractive to monsters.
The hobgoblin no longer looks unusually strong.
The goblin misses you. The goblin barely misses you.
It was a potion of curing.
You feel better.
You hear the slow rusting of a very distant drain.
The goblin no longer looks unusually strong.
Robin misses you. The goblin closely misses you.
The goblin hits you but does no damage. The hobgoblin hits you.
It was a potion of resistance.
You feel protected. The goblin hits you with a +0 club.
The goblin completely misses you. The hobgoblin hits you.
You hit Robin.
Robin is almost dead.
Robin closely misses you. The goblin hits you but does no damage.
The goblin hits you with a +0 club.
* * * LOW HITPOINT WARNING * * *
The hobgoblin hits you.
* * * LOW HITPOINT WARNING * * *
You hit Robin.
You kill Robin!
The goblin closely misses you. x2; The hobgoblin hits you.
* * * LOW HITPOINT WARNING * * *
You closely miss the goblin.
The goblin no longer looks unusually strong.
The goblin barely misses you. x2; The hobgoblin hits you.
You die...

##..##.#
##.#..#
#.#.##
#.#.#
#.#.#
#.#.#
#.#.#
#.#g#
##.#@####
#..g)g.)#
#.#####)#
# )# g#
g# .# .#
##


You could see a hobgoblin and 2 goblins.

Vanquished Creatures
  Robin (D:3)
  A gnoll (D:1)
  2 adders (D:2)
  A worm (D:2)
  5 dart slugs
  4 bats
  4 endoplasms (D:1)
  A giant cockroach (D:1)
  9 goblins
  4 hobgoblins
  2 quokkas
  3 ball pythons
  A frilled lizard (D:1)
  A kobold (D:1)
  3 rats
42 creatures vanquished.

Vanquished Creatures (collateral kills)
  A foxfire (D:2)
1 creature vanquished.

Vanquished Creatures (others)
  84 foxfires
  11 plants (D:2)
95 creatures vanquished.

Grand Total: 138 creatures vanquished

Notes
Turn   | Place    | Note
-------+----------+-------------------------------------------
     0 | D:1      | hashsling the Deep Elf Fire Elementalist began the quest
                  | for the Orb.
     0 | D:1      | Reached XP level 1. HP: 10/10 MP: 6/6
   360 | D:1      | Reached XP level 2. HP: 15/15 MP: 5/8
   822 | D:1      | Found a faded altar of an unknown god.
  1049 | D:1      | Reached XP level 3. HP: 18/19 MP: 3/10
  1378 | D:2      | Learned a level 2 spell: Scorch
  1382 | D:2      | Learned a level 3 spell: Conjure Flame
  1501 | D:2      | Identified the +2 ring mail of the Onion {Drain rPois rN+
                  | Str+6}
  1847 | D:2      | Reached XP level 4. HP: 23/24 MP: 7/12
  2321 | D:3      | Noticed Robin
  2339 | D:3      | Killed Robin
  2339 | D:3      | HP: 1/24 [hobgoblin[Robin] (4)]
  2340 | D:3      | Slain by a hobgoblin

Illustrated notes

Levels and vault maps discovered:
D:1:      lightli_arrival_noodles, layout_loops_ring,
          ebering_ecumenical_altar_box
D:2:      layout_loops_ring, serial_bayou_lake_a
D:3:      layout_loops_ring, gup_sewer_entry_glass, uniq_robin, uniq_natasha

Skill      XL: |  1  2  3  4 |
---------------+-------------+-----
Spellcasting   | 4 |  4.5
Fire Magic     | 4 |  4.2
Dodging        | 3 |  3.1
Conjurations   | 2 |  2.0
Stealth        | |  2.4

Action                   |  1- 3 |  4- 6 || total
-------------------------+-------+-------++-------
Melee: Unarmed           |     6 |       ||     6
       Short sword       |    22 |     1 ||    23
       Staff             |       |    11 ||    11
 Cast: Foxfire           |    50 |     7 ||    57
       Scorch            |     5 |     6 ||    11
  Use: Potion            |       |     3 ||     3
 Stab: Sleeping          |     1 |       ||     1
Armor: Robe              |     6 |     5 ||    11
Dodge: Dodged            |    28 |    20 ||    48

Table legend: (Time is in decaauts)
 A = Elapsed time spent in this place.
 B = Non-inter-level travel time spent in this place.
 C = Inter-level travel time spent in this place.
 D = Time resting spent in this place.
 E = Time spent auto-exploring this place.
 F = Levels seen in this place.
 G = Mean time per level.
                   A        B        C        D        E       F      G
               +--------+--------+--------+--------+--------+-----+--------+
         Total |   2374 |   2280 |     94 |    241 |   1722 |   3 |  791.3 |
       Dungeon |   2374 |   2280 |     94 |    241 |   1722 |   3 |  791.3 |
               +--------+--------+--------+--------+--------+-----+--------+

Top non-repeatable levels by time:
     D:1: 1340 daAuts
     D:2: 929 daAuts
     D:3: 104 daAuts
